Map: Port Aleksander LE

Players

Jskippy

  • Race: Zerg Zerg
  • League: Master
  • Spawn Location: 5:00

Qolt - Winner!

  • Race: Terran Terran
  • Spawn Location: 11:00

VOD

Have the link to the VOD?

Description

Just a fun practice game

Time

  • Played on: Feb. 21, 2019, 2:21 a.m.
  • Length: 13:47
Show
View Real Time Build Order
Export as new Build Order

Jskippy Zerg 

Build Orders: Hatch First 

Get SALT Encoding   

  12  0:02  Drone  
  13  0:16  Overlord  
  13  0:20  Drone  
  14  0:37  Drone x2  
  16  0:52  Hatchery  
  16  0:56  Drone  
  16  0:59  Drone  
  16  1:04  Drone  
  18  1:14  Extractor  
  17  1:21  Spawning Pool  
  17  1:24  Drone  
  17  1:28  Drone  
  18  1:33  Drone  
  19  1:43  Drone  
  21  1:54  Drone  
  21  2:07  Queen  
  21  2:08  Queen  
  25  2:10  Zergling x4  
  27  2:16  Overlord  
  27  2:22  Metabolic Boost  
  27  2:28  Overlord  
  27  2:31  Drone  
  28  2:41  Drone  
  29  2:46  Queen  
  31  2:53  Drone x2  
  31  2:54  Drone  
  34  3:11  Hatchery  
  33  3:19  Overlord, Drone  
  34  3:20  Drone x2  
  34  3:22  Drone x2  
  38  3:31  Overlord, Drone x2  
  40  3:44  Zergling x8  
  44  3:54  Zergling x8  
  48  3:59  Spore Crawler  
  48  4:01  Drone x2  
  49  4:03  Spore Crawler  
  49  4:04  Spore Crawler  
  49  4:06  Zergling x2  
  49  4:07  Zergling x2  
  49  4:15  Overlord  
  48  4:28  Zergling x6  
  49  4:41  Queen  
  49  4:43  Lair  
  49  4:44  Spore Crawler  
  49  4:45  Zergling x8  
  47  4:46  Zergling x4  
  52  4:55  Drone x3, Extractor  
  52  4:57  Extractor  
  52  4:58  Drone x2  
  52  4:59  Drone  
  50  5:15  Drone  
  50  5:17  Drone  
  50  5:18  Drone x2  
  50  5:19  Extractor  
  50  5:20  Drone  
  52  5:40  Drone x5  
  57  5:43  Drone x5  
  57  5:44  Spire  
  58  6:03  Drone  
  58  6:04  Drone x5  
  64  6:18  Queen, Spore Crawler  
  66  6:23  Roach Warren  
  66  6:24  Overseer  
  64  6:27  Drone x3  
  67  6:53  Drone x3  
  70  6:57  Drone x3  
  70  6:59  Evolution Chamber x2  
  71  7:04  Baneling Nest  
  67  7:11  Drone x4  
  68  7:24  Drone x3  
  68  7:25  Glial Reconstitution  
  68  7:28  Zerg Melee Weapons Level 1  
  68  7:29  Zerg Ground Armor Level 1  
  71  7:32  Zergling x2  
  71  7:33  Zergling x2  
  71  7:35  Overlord x2  
  70  7:40  Overlord  
  70  7:41  Overlord  
  68  7:49  Extractor  
  68  7:50  Extractor  
  66  8:01  Hatchery  
  66  8:03  Drone x2  
  66  8:04  Drone x3  
  66  8:05  Overlord, Drone  
  70  8:10  Zergling x22  
  70  8:12  Hatchery  
  76  8:32  Drone x6  
  76  8:33  Drone  
  83  8:36  Zergling x6  
  86  8:42  Infestation Pit  
  86  8:43  Zergling x10  
  90  9:00  Overlord  
  90  9:01  Centrifical Hooks  
  90  9:05  Zergling x12  
  90  9:09  Baneling  
  96  9:11  Baneling x7, Zergling x4  
  98  9:18  Overlord  
  98  9:19  Zergling x10  
  98  9:20  Zergling x10  
  98  9:21  Baneling  
  98  9:22  Baneling x11  
  108  9:33  Zergling x8  
  80  9:54  Zergling x2  
  80  9:55  Zergling x14  
  79  10:02  Zergling x4  
  79  10:10  Zergling x2  
  79  10:11  Zergling x4  
  79  10:14  Baneling x4  
  73  10:16  Swarm Host, Zergling x2  
  73  10:17  Zergling x2  
  73  10:20  Baneling x5  
  73  10:21  Baneling x3  
  72  10:22  Extractor  
  72  10:24  Zergling x2, Extractor  
  72  10:26  Zerg Melee Weapons Level 2  
  72  10:27  Zerg Ground Armor Level 2  
  68  10:29  Zergling x2  
  68  10:30  Zergling x4  
  68  10:32  Hive  
  62  10:44  Zergling x14  
  68  11:00  Overlord  
  68  11:04  Queen x2, Hatchery  
  68  11:08  Zergling x10  
  68  11:09  Zergling x2  
  77  11:20  Zergling x6  
  80  11:31  Zergling x2  
  80  11:32  Zergling x4  
  78  11:34  Baneling  
  78  11:35  Baneling x8  
  78  11:36  Baneling x6, Zergling x2  
  79  11:43  Queen  
  81  11:50  Zergling x6, Ultralisk Cavern  
  81  11:51  Zergling x8  
  87  11:59  Zergling x2  
  87  12:00  Zergling x2  
  86  12:10  Zergling x6  
  86  12:14  Extractor  
  88  12:16  Extractor  
  88  12:19  Zergling x12  
  93  12:23  Queen  
  60  12:47  Zergling x20  
  64  12:52  Baneling x10  
  64  12:55  Zergling x16  
  64  12:56  Zergling x2  
  60  13:16  Zergling x16  
Show
View Real Time Build Order
Export as new Build Order

Qolt Terran - Winner!

Build Orders: Gas First Reaper Expand, Liberator Opening 

Get SALT Encoding   

  12  0:00  SCV  
  13  0:12  SCV  
  14  0:18  Supply Depot  
  14  0:24  SCV  
  15  0:31  Refinery  
  15  0:39  SCV  
  16  0:45  Barracks  
  16  0:51  SCV  
  17  1:03  SCV  
  18  1:16  SCV  
  19  1:32  Orbital Command, Reaper  
  20  1:48  Command Center  
  20  1:59  Factory  
  20  2:04  SCV  
  20  2:06  Marine  
  22  2:17  SCV  
  22  2:21  Supply Depot  
  22  2:22  Refinery  
  23  2:24  Barracks Reactor  
  23  2:42  SCV  
  24  2:45  Hellion  
  24  2:47  Starport  
  26  2:54  SCV  
  27  3:06  Orbital Command, SCV  
  27  3:15  Barracks Tech Lab  
  27  3:18  SCV  
  28  3:28  Fusion Core  
  28  3:29  Hellion x2  
  28  3:31  SCV  
  28  3:32  SCV  
  34  3:35  Liberator  
  34  3:43  Supply Depot, SCV  
  34  3:44  Barracks Tech Lab  
  34  3:46  SCV  
  36  3:55  SCV  
  40  3:58  SCV  
  41  4:06  Hellion  
  41  4:07  Hellion, SCV  
  46  4:10  SCV  
  46  4:12  Supply Depot  
  46  4:14  Marine  
  48  4:19  Advanced Ballistics  
  48  4:30  Hellion x2  
  46  4:47  SCV  
  46  4:48  SCV  
  48  4:59  SCV  
  49  5:00  SCV  
  49  5:04  Command Center  
  50  5:12  SCV x2  
  50  5:15  Liberator  
  50  5:24  SCV x2  
  50  5:27  Barracks  
  52  5:31  Barracks  
  52  5:34  Factory Tech Lab  
  54  5:36  Marine  
  55  5:47  SCV x2  
  57  5:57  Marine  
  57  5:58  Siege Tank  
  57  6:00  SCV  
  62  6:09  SCV  
  62  6:11  Refinery x2  
  60  6:12  SCV  
  60  6:13  Engineering Bay x2  
  60  6:15  Marine x2  
  63  6:21  SCV  
  64  6:27  SCV  
  64  6:30  Orbital Command  
  65  6:34  Starport Reactor, Marine x3  
  65  6:35  Marine  
  65  6:36  Siege Tank  
  70  6:48  SCV x2  
  70  6:49  Terran Infantry Weapons Level 1, Terran Infantry Armor Level 1  
  70  6:51  Orbital Command  
  70  6:52  Marine x4  
  76  7:00  SCV  
  77  7:09  Supply Depot  
  77  7:11  Supply Depot  
  77  7:13  Supply Depot  
  77  7:14  Stimpack  
  77  7:17  Marine  
  77  7:30  Medivac x2, Marine x3  
  77  7:31  SCV  
  77  7:33  Supply Depot, Siege Tank, SCV  
  77  7:35  Marine  
  77  7:36  Supply Depot  
  90  7:42  SCV  
  90  7:43  SCV  
  92  7:45  SCV  
  92  7:48  Marine x3  
  96  7:52  Barracks, Armory  
  96  7:53  Barracks  
  96  7:54  SCV  
  96  7:55  SCV  
  96  7:57  SCV  
  99  8:02  Sensor Tower  
  99  8:06  Marine, SCV  
  99  8:07  Marine x2, SCV  
  99  8:09  Sensor Tower, SCV  
  99  8:11  Marine  
  106  8:16  Siege Tank  
  106  8:18  SCV  
  110  8:20  SCV  
  110  8:21  SCV  
  110  8:24  Marine x2  
  110  8:25  Medivac x2, Marine  
  116  8:28  Marine  
  117  8:42  Marine x2  
  117  8:43  Marine  
  117  8:44  Barracks Tech Lab, Barracks Reactor  
  117  8:46  Marine  
  117  8:47  Terran Infantry Weapons Level 2  
  117  8:48  Terran Infantry Armor Level 2  
  121  8:52  Barracks  
  121  8:53  Barracks, Refinery x2  
  121  8:56  Supply Depot  
  121  8:57  Supply Depot  
  121  9:00  Marine x2  
  123  9:12  Marine x2  
  123  9:15  Combat Shield  
  125  9:18  Marine x3  
  125  9:23  Marine x2  
  130  9:24  Siege Tank  
  130  9:26  SCV  
  130  9:27  SCV x2  
  130  9:28  Factory  
  130  9:29  Supply Depot  
  130  9:30  Supply Depot, Marine x2  
  138  9:35  Marine  
  138  9:36  Marine x2  
  136  9:39  SCV  
  136  9:40  Marine  
  136  9:41  Marine  
  135  9:48  Marine x2  
  128  9:53  Marine x2  
  128  9:54  Marine  
  128  9:58  Marine x2  
  123  10:06  Marine x2, Siege Tank  
  128  10:11  Marine x3  
  130  10:16  Marine x2  
  130  10:17  Terran Vehicle Weapons Level 1  
  132  10:22  Factory Tech Lab  
  132  10:23  Marine  
  132  10:24  Marine  
  132  10:29  Medivac x2, Marine x3  
  132  10:31  SCV  
  132  10:33  Supply Depot  
  132  10:35  Supply Depot  
  140  10:42  Liberator x2  
  131  10:49  SCV x3  
  131  11:01  SCV  
  138  11:04  Marine x2  
  138  11:07  Command Center  
  138  11:10  SCV  
  141  11:15  Marine x3  
  144  11:18  Marine x2  
  144  11:20  Siege Tank  
  144  11:22  Marine  
  150  11:35  SCV x2  
  152  11:46  Supply Depot  
  152  11:47  Siege Tank  
  152  11:52  Siege Tank  
  158  11:57  Marine x6  
  164  12:03  Marine  
  164  12:08  Medivac x2  
  167  12:15  Marine x3  
  172  12:16  Supply Depot  
  172  12:17  Sensor Tower  
  172  12:18  Planetary Fortress  
  172  12:19  Siege Tank  
  172  12:20  Marine x3  
  172  12:21  Marine  
  179  12:24  Siege Tank  
  182  12:32  Marine  
  182  12:33  Marine x2  
  182  12:38  Marine x3  
  182  12:39  Marine  
  162  12:50  Medivac x2, Marine x2  
  162  12:51  Marine, Siege Tank  
  166  12:56  Marine x3  
  166  12:57  Siege Tank  
  172  13:09  Marine x4  
  176  13:13  Marine  
  176  13:14  Marine  
  176  13:17  Marine  
  168  13:20  SCV x2  
  168  13:27  Marine x4  
  179  13:41  Barracks  
  186  13:42  Barracks  
Tags
 
Add a new tag
Caveats
  • Supply blocks, unpowered buildings, or Contaminate may cause inaccurate times.
  • Supply counts are checked every 10 seconds.